 Dungeon Crawl Stone Soup version 0.19.1-1-g22dce08 (webtiles) character file.

305 Gargoyl the Skirmisher (level 6, -12/51 (52) HPs)
             Began as a Ghoul Abyssal Knight on Jan 16, 2017.
             Was a Believer of Lugonu.
             Mangled by an ogre
             ... wielding a +0 giant club
              (18 damage)
             ... on level 4 of the Dungeon.
             The game lasted 00:07:19 (2834 turns).

Gargoyl the Skirmisher (Ghoul Abyssal Knight)       Turns: 2834, Time: 00:07:19

HP:   -12/51 (52)   AC: 12    Str: 16      XL:     6   Next: 39%
MP:   7/7           EV:  4    Int:  7      God:    Lugonu [**....]
Gold: 170           SH:  7    Dex:  9 (10) Spells: 0 memorised, 5 levels left

rFire  . . .     SeeInvis .     d - +2 hand axe (freeze)
rCold  + . .     Gourm    .     i - +0 chain mail
rNeg   + + +     Faith    .     a - +0 shield
rPois  ∞         Spirit   .     m - +0 helmet
rElec  .         Reflect  .     (no cloak)
rCorr  .         Harm     .     (no gloves)
MR     +....                    (no boots)
Stlth  ..........               l - amulet of regeneration
                                g - +2 ring of protection
                                e - ring of protection from magic

@: rotting
A: rotting body, claws 1, carnivore 3, cold resistance 1, negative energy
resistance 3, slow regeneration 1, torment resistance, unbreathing
a: Depart the Abyss, Bend Space, Renounce Religion


You were on level 4 of the Dungeon.
You worshipped Lugonu.
Lugonu was pleased with you.
You were not hungry.

You visited 1 branch of the dungeon, and saw 4 of its levels.
You visited the Abyss 1 time.

You collected 170 gold pieces.

Inventory:

Hand Weapons
 d - a +2 hand axe of freezing (weapon)
 f - a +0 spear
 p - a +0 war axe
Armour
 a - a +0 shield (worn)
 i - a +0 chain mail (worn)
 m - a +0 helmet (worn)
Jewellery
 e - a ring of protection from magic (left claw)
 g - a +2 ring of protection (right claw)
 h - an uncursed ring of flight
 k - an uncursed ring of protection from fire {unknown}
 l - an amulet of regeneration (around neck)
Wands
 o - a wand of random effects (15/48)
Scrolls
 j - 2 scrolls of remove curse
 n - 2 scrolls of identify
Potions
 b - a potion of agility
 q - a potion of mutation
 t - a potion of curing
Books
 r - a book of Cantrips

   Spells                             Type                      Level
   a - Confusing Touch                Hexes                        1
   b - Animate Skeleton               Necromancy                   1
   c - Summon Small Mammal            Summoning                    1
   d - Apportation                    Translocation                1
Comestibles
 c - a slice of pizza
 s - a meat ration


   Skills:
 + Level 4.0 Fighting
 + Level 3.3 Axes
 * Level 3.3 Armour
 * Level 2.0 Dodging
 + Level 0.8 Shields
 * Level 3.5 Invocations


You had 5 spell levels left.
You didn't know any spells.

Dungeon Overview and Level Annotations

Branches:
Dungeon (4/15)
 Temple: D:4-7

Altars:
Cheibriados
Dithmenos
Gozag
Qazlal
Xom
Zin


Innate Abilities, Weirdness & Mutations

Your body is rotting away.
You thrive on raw meat.
You are immune to poison.
You have sharp fingernails.
You are carnivorous and can eat meat at any time.
Your flesh is cold resistant. (rC+)
You are immune to negative energy. (rN+++)
You regenerate slowly when monsters are visible.
You are immune to unholy pain and torment.
You can survive without breathing.


Message History

You hit the ogre. You freeze the ogre.
The ogre is severely wounded.
You block the ogre's attack.
You closely miss the ogre.
The ogre is severely wounded.
You block the ogre's attack. The ogre hits you with a giant club!
You barely miss the ogre.
The ogre is severely wounded.
You block the ogre's attack.
You hit the ogre. You freeze the ogre.
The ogre is almost dead.
The ogre hits you with a giant club!! The ogre barely misses you.
You closely miss the ogre.
The ogre is almost dead.
The ogre hits you with a giant club!!
* * * LOW HITPOINT WARNING * * *
You hit the ogre. You freeze the ogre.
The ogre is almost dead.
The ogre hits you with a giant club!!
You die...

#⌠.⌠##.......########...
##'##.....#### #.#.
#........# ##...
#.......## ####...#
##.......# ####....#.#
###........####....####.#
#...............#### #.#
#......O..####..## #..
#.......@........## ##.
#.......########..### ##
#.....### ##...# ##
#.....# ###>####. #.....#
#...... #.....# ######. .
##############.
#..........>...
#.#############


You could see an ogre.

Vanquished Creatures
  A phantom (D:4)
  The ghost of Elizilla the Covered, an amateur FoFi (D:3)
  A howler monkey (D:4)
  3 adders
  4 worms
  2 dart slugs (D:1)
  2 leopard geckos
  An orc (D:3)
  2 giant cockroaches (D:1)
  7 goblins
  6 hobgoblins
  7 kobolds
  3 ball pythons
  11 bats
  5 frilled lizards
  7 rats
63 creatures vanquished.

Notes
Turn   | Place    | Note
-------+----------+-------------------------------------------
     0 | Abyss:1  | Gargoyl the Ghoul Abyssal Knight began the quest for the Orb.
     0 | Abyss:1  | Reached XP level 1. HP: 19/19 MP: 1/1
    60 | Abyss:1  | Noticed an orange demon
    71 | D:1      | Escaped the Abyss
   117 | D:1      | Reached skill level 1 in Dodging
   118 | D:1      | Reached * piety under Lugonu
   126 | D:1      | Reached XP level 2. HP: 15/26 MP: 2/2
   605 | D:1      | Reached XP level 3. HP: 31/31 MP: 3/3
   794 | D:2      | Found an opulent altar of Gozag.
  1045 | D:2      | Reached ** piety under Lugonu
  1198 | D:2      | Found a shimmering altar of Xom.
  1210 | D:2      | Reached XP level 4. HP: 35/40 MP: 3/5
  1460 | D:2      | Found a glowing silver altar of Zin.
  1573 | D:2      | Found a shadowy altar of Dithmenos.
  1824 | D:3      | Noticed Elizilla's ghost (amateur FoFi)
  2301 | D:3      | Killed Elizilla's ghost
  2301 | D:3      | Reached skill level 4 in Fighting
  2301 | D:3      | Reached XP level 5. HP: 16/45 MP: 6/6
  2480 | D:4      | Found a stormy altar of Qazlal.
  2480 | D:4      | Found a snail-covered altar of Cheibriados.
  2517 | D:4      | Noticed a phantom
  2581 | D:4      | Killed a phantom
  2581 | D:4      | Reached XP level 6. HP: 46/52 MP: 7/7
  2834 | D:4      | Mangled by an ogre

Skill      XL: |  1  2  3  4  5 |
---------------+----------------+-----
Dodging        | 1 2 |  2.0
Axes           | 2 3 |  3.3
Armour         | 2 3 |  3.3
Invocations    | 3 |  3.5
Fighting       | 4 |  4.0
Shields        | |  0.8

Action                   |  1- 3 |  4- 6 || total
-------------------------+-------+-------++-------
Melee: Hand axe          |   107 |   119 ||   226
Invok: Depart the Abyss  |     1 |       ||     1
Evoke: Wand              |       |     4 ||     4
  Use: Scroll            |     2 |     7 ||     9
       Potion            |     1 |     4 ||     5
  Eat: Chunk             |    25 |    11 ||    36
       Meat ration       |     1 |       ||     1
Armor: Leather armour    |    31 |     5 ||    36
       Chain mail        |       |    62 ||    62
Dodge: Dodged            |    54 |    25 ||    79
Block: Shield            |    27 |    45 ||    72
